 Dungeon Crawl Stone Soup version 0.21-a0-536-gdbbf329 (webtiles) character file.

489796 rjrrt the Impregnable (level 23, -8/237 HPs)
             Began as a Deep Dwarf Berserker on Dec 13, 2017.
             Was a High Priest of Trog.
             Killed from afar by Boris (32 damage)
             ... with an iron shot
             ... on level 3 of the Crypt on Dec 15, 2017.
             The game lasted 03:00:11 (47385 turns).

rjrrt the Impregnable (Deep Dwarf Berserker)       Turns: 47385, Time: 03:00:11

Health: -8/237     AC: 39    Str: 31    XL:     23   Next: 85%
Magic:  18/18      EV: 22    Int:  8    God:    Trog [*****.]
Gold:   2928       SH:  0    Dex: 18    Spells: 22/22 levels left

rFire    + . .     SeeInvis +   a - +9 battleaxe (elec)
rCold    + . .     Gourm    .   (shield currently unavailable)
rNeg     + + .     Faith    +   C - +1 gold dragon scales
rPois    +         Spirit   .   (helmet restricted)
rElec    +         Reflect  .   q - +2 cloak
rCorr    .         Harm     .   j - +2 pair of gloves
MR       +++..                  H - +1 pair of boots "Hero's Friend" {rElec rPois rN+}
Stlth    ..........             g - amulet of faith
HPRegen  0.00/turn              y - +2 ring of evasion
MPRegen  0.16/turn              l - +6 ring of dexterity

@: non-regenerating
A: damage resistance, heal wounds, horns 1, thin metallic scales 2, see
invisible, low mp 1, negative energy resistance 1, sense surroundings 3, no
regeneration
}: 2/15 runes: barnacled, gossamer
a: Heal Wounds, Berserk, Trog's Hand, Brothers in Arms, Burn Spellbooks,
Renounce Religion


You were on level 3 of the Crypt.
You worshipped Trog.
Trog was extremely pleased with you.
You were not hungry.

You visited 8 branches of the dungeon, and saw 42 of its levels.
You visited the Abyss 1 time.
You also visited: Volcano.

You collected 5169 gold pieces.
You spent 2241 gold pieces at shops.

Inventory:

Hand Weapons
 a - a +9 battleaxe of electrocution (weapon)
 f - a +0 battleaxe of flaming
 m - a +1 antimagic battleaxe
 W - a +2 battleaxe of electrocution
Missiles
 b - 40 steel javelins (quivered)
 n - 6 throwing nets
Armour
 c - a +2 helmet of see invisible
 j - a +2 pair of gloves (worn)
 q - a +2 cloak (worn)
 C - +1 gold dragon scales (worn)
 H - the +1 pair of boots "Hero's Friend" (worn) {rElec rPois rN+}
   (You bought it in a shop on level 2 of the Orcish Mines)

   It insulates you from electricity.
   It protects you from poison.
   It protects you from negative energy.
 N - a +1 pair of boots of flying
Jewellery
 g - an amulet of faith (around neck)
 l - a +6 ring of dexterity (right hand)
 y - a +2 ring of evasion (left hand)
Wands
 i - a wand of enslavement (34)
 t - a wand of acid (7)
 u - a wand of clouds (5)
 D - a wand of disintegration (3)
 I - a wand of polymorph (6)
 L - a wand of digging (21)
 P - a wand of scattershot (7)
 X - a wand of iceblast (31)
Scrolls
 h - 14 scrolls of teleportation
 p - a scroll of holy word
 s - 9 scrolls of magic mapping
 v - a scroll of summoning
 x - a scroll of enchant armour
 F - 9 scrolls of fog
 J - 9 scrolls of remove curse
 O - 14 scrolls of identify
 U - 2 scrolls of blinking
Potions
 e - 8 potions of curing
 k - 7 potions of lignification
 o - 7 potions of might
 w - 2 potions of invisibility
 z - 3 potions of cancellation
 E - 9 potions of haste
 G - 3 potions of resistance
 K - a potion of heal wounds
 S - 2 potions of agility
 Z - 8 potions of mutation
Miscellaneous
 Q - 4 sacks of spiders
Comestibles
 d - 2 meat rations
 r - 21 bread rations


   Skills:
 * Level 20.6 Fighting
 + Level 20.5 Axes
 * Level 23.1 Armour
 + Level 19.4 Dodging
 - Level 10.0 Evocations


You had 22 spell levels left.
You didn't know any spells.

Dungeon Overview and Level Annotations

Branches:
Dungeon (15/15)            Temple (0/1) D:7            Lair (6/6) D:10
 Shoals (4/4) Lair:2       Spider (4/4) Lair:3        Slime (0/5) Lair:5
    Orc (2/2) D:9             Elf (0/3) Orc:2        Vaults (4/5) D:13
  Crypt (3/3) Vaults:3     Depths (4/5) D:15
   Tomb: Crypt:3

Altars:
Kikubaaqudgha
Makhleb
Nemelex Xobeh
Okawaru
Ru
Vehumet
Wu Jian
Beogh
Jiyva

Shops:
D:6 *   D:7 !   D:13 !?**?   D:14 %   Orc:2 %*[:   Shoals:1 *   Shoals:2 =
Vaults:2 [   Depths:1 }==   Depths:4 *

Portals:
Hell: Depths:1 Depths:2 Depths:3 Depths:4
Abyss: Depths:4
Pandemonium: Depths:3
Ziggurat: Depths:3

Annotations:
Shoals:4 Ilsuiw
Crypt:3 Boris
Depths:1 exclusions: downstairs and 5 more exclusions
Depths:2 exclusion: obsidian statue


Innate Abilities, Weirdness & Mutations

You are resistant to damage.
You can heal yourself by infusing magical energy.
You resist negative energy. (rN+)
You passively map a large area around you.
You do not regenerate.
You have a pair of small horns on your head.
You are mostly covered in thin metallic scales. (AC +3)
You have supernaturally acute eyesight. (SInv)
Your magical capacity is low. (-10% MP)


Message History

Boris is severely damaged.
Boris points at you and mumbles some strange words.
The bolt of cold hits you! You resist.
* * * LOW HITPOINT WARNING * * *
You are too injured to fight recklessly!
You closely miss Boris. You headbutt Boris, but do no damage.
Boris is severely damaged.
You are too injured to fight recklessly!
You barely miss Boris. You headbutt Boris!
Boris is almost destroyed.
Boris stares.
Boris conjures a glowing orb.
The wavering orb of destruction weakly hits you!
* * * LOW HITPOINT WARNING * * *
You are too injured to fight recklessly!
You slash Boris!
Boris is almost destroyed.
Boris gestures at you while chanting. The iron shot hits you!
You die...

...### , , , , ,* .....##
* ......## , , ,
'##....## * , , ,
..###...## *, , ,
....##...# , , *
.....#...############++#*
.....##...#.............
......#...'..[..@L......*
......#...'..[..........
......#...#.............
#####'###################
###8.8###≈≈≈≈≈≈≈.......#
##.......##≈≈≈≈≈≈..####.#
#.........##≈≈≈≈≈≈≈#..#.#
...........#≈≈≈≈≈#≈≈.[#.#
...........##≈≈≈≈#≈≈.}#.#


You could see Boris (invisible).

Vanquished Creatures
  Mennas (Vaults:2)
  Sojobo (Vaults:2)
  Bai Suzhen (Vaults:4)
  Xtahua (Crypt:3)
  A caustic shrike (Depths:3)
  A golden dragon (Depths:4)
  Nikola (Depths:2)
  the Enchantress (Depths:1)
  Arachne (Spider:4)
  A bone dragon (Crypt:3)
  Jorgrun (Crypt:2)
  A lich (Vaults:1)
  A titan (Depths:2)
  A quicksilver dragon (shapeshifter) (Depths:2)
  A tentacled starspawn (Abyss:2)
  6 ancient champions
  3 sphinxes
  A shadow dragon (Depths:3)
  A storm dragon (Vaults:4)
  Agnes (D:15)
  5 tengu reavers
  3 fire giants
  Donald (Vaults:2)
  2 revenants (Crypt:2)
  2 deep elf sorcerers
  The ghost of nomadicburrito the Blocker, a journeyman GrEE of Vehumet (Shoals:1)
  2 iron dragons
  3 frost giants
  4 ghost moths (Spider:4)
  3 emperor scorpions (Spider:4)
  2 vault wardens (Vaults:4)
  A juggernaut zombie (Crypt:2)
  A curse skull (Crypt:3)
  Louise (Spider:4)
  4 ghouls
  11 ironheart preservers
  35 very ugly things
  11 stone giants
  4 spriggan defenders
  3 war gargoyles (Depths:2)
  5 vampire knights
  4 entropy weavers
  A deep elf demonologist (Vaults:2)
  3 spark wasps
  8 merfolk javelineers
  14 crystal guardians (Depths:2)
  2 eidola
  10 jiangshi
  A deep elf death mage (Crypt:2)
  5 fire dragons
  2 blizzard demons (Depths:2)
  3 ettins
  6 great orbs of eyes
  17 merfolk impalers
  A rakshasa (Vaults:3)
  12 yaktaur captains
  The ghost of isock the Protected, a journeyman GnWn of Trog (Orc:1)
  9 ice dragons
  2 quicksilver dragon skeletons (Crypt:1)
  4 spriggan air magi
  4 vault guards
  8 hydras
  7 merfolk avatars
  5 satyrs
  A catoblepas (shapeshifter) (Depths:4)
  3 death knights
  11 ogre magi
  7 merfolk aquamancers
  8 centaur warriors
  A catoblepas (Lair:6)
  5 deep troll shamans
  A queen ant (Spider:4)
  12 dancing weapons (Depths:2)
  An alligator snapping turtle (Shoals:4)
  4 tengu warriors
  33 two-headed ogres
  A death yak (Lair:5)
  A hell hog (Depths:3)
  6 deep troll earth magi
  7 orc high priests (Orc:2)
  4 vampire magi
  5 spriggan berserkers
  A deep elf knight (Vaults:3)
  A titan skeleton (Crypt:1)
  A wretched star (Abyss:2)
  An iron troll (Depths:3)
  2 salamander mystics (Depths:4)
  A shadow wraith (Crypt:2)
  10 sea snakes
  A sixfirhy (Abyss:2)
  17 deep trolls
  24 skeletal warriors
  A ghost moth zombie (Crypt:1)
  3 hell knights (Depths:1)
  4 glowing orange brains
  2 flayed ghosts (Vaults:4)
  An unseen horror (shapeshifter) (D:15)
  6 wizards
  An orange crystal statue (Depths:2)
  9 starcursed masses (Abyss:2)
  2 lindwurms (shapeshifter)
  A swamp dragon (Lair:6)
  6 deep elf archers
  8 orc knights
  2 obsidian statues
  27 harpies
  9 ironbrand convokers
  3 phantasmal warriors
  2 wolf spider zombies
  5 deep elf magi
  A wolf spider (shapeshifter) (Depths:2)
  An oklob plant (Lair:4)
  5 necromancers
  12 manticores
  17 orb spiders
  10 cyclopes
  31 ugly things
  A human zombie (Vaults:4)
  28 wolf spiders
  A cyclops (shapeshifter) (Vaults:4)
  10 elephants
  2 worldbinders (Abyss:2)
  4 salamanders (Depths:4)
  15 fauns
  A centaur zombie (D:12)
  2 manticores (shapeshifter) (Depths:3)
  A fire giant skeleton (Vaults:4)
  10 vault sentinels
  2 iron dragon skeletons
  Psyche (D:8)
  A moth of wrath (Spider:4)
  8 merfolk sirens
  A guardian serpent (Lair:6)
  10 black mambas
  Joseph (D:10)
  An apocalypse crab (Abyss:2)
  3 naga magi (Vaults:1)
  A torpor snail (Lair:5)
  3 water nymphs
  A molten gargoyle (Depths:2)
  A titan simulacrum (Crypt:1)
  A black mamba (shapeshifter) (Depths:3)
  11 gargoyles
  A dire elephant skeleton (Crypt:2)
  2 smoke demons (Abyss:2)
  2 rime drakes (shapeshifter)
  17 spiny frogs
  A rime drake (Lair:6)
  6 demonic crawlers
  A kobold demonologist (D:11)
  3 efreet
  An iron troll zombie (Crypt:2)
  10 freezing wraiths
  2 komodo dragons (shapeshifter)
  31 yaktaurs
  A black draconian skeleton (Crypt:2)
  5 komodo dragons
  A pale draconian skeleton (Crypt:2)
  A red devil (Depths:1)
  4 hellwings (Depths:1)
  A red draconian skeleton (Crypt:2)
  A harpy zombie (D:14)
  27 jumping spiders
  2 polar bears
  3 tengu conjurers
  A queen bee (Spider:1)
  10 trolls
  A hydra zombie (Crypt:3)
  3 meliai (Spider:1)
  A jumping spider (shapeshifter) (Depths:1)
  3 ancient zymes (Abyss:2)
  2 trolls (shapeshifter)
  7 wind drakes
  35 merfolk
  A wolf spider simulacrum (Crypt:1)
  19 hornets
  A shadow dragon simulacrum (Crypt:1)
  3 blink frogs (shapeshifter)
  An ice dragon zombie (Crypt:2)
  19 slime creatures
  Grinder (D:6)
  5 blink frogs (Lair:6)
  10 hippogriffs
  A raiju (Abyss:2)
  16 dream sheep
  11 snapping turtles
  A meliai zombie (Crypt:2)
  8 spriggans
  13 flying skulls (Crypt:1)
  A hippogriff (shapeshifter) (Depths:1)
  16 tarantellas
  58 redbacks
  23 water elementals
  4 ettin skeletons
  A fire dragon skeleton (Crypt:3)
  2 ynoxinuls (Abyss:2)
  11 air elementals (Depths:2)
  3 shadows
  A yak (shapeshifter) (Depths:1)
  10 wraiths
  A small abomination (Abyss:2)
  3 vampires
  8 wyverns (Lair:6)
  6 basilisks
  40 yaks
  2 humans (D:10)
  A steam dragon (Lair:6)
  A hungry ghost (D:13)
  Eustachio (D:5)
  5 fire elementals
  5 vampire mosquitoes
  11 wargs
  4 insubstantial wisps (Depths:2)
  8 soldier ants (Spider:4)
  A swamp worm (shapeshifter) (Depths:3)
  2 acid dragons
  20 water moccasins
  9 hell hounds (Depths:3)
  A large abomination (Abyss:2)
  32 orc warriors
  9 porcupines
  A spiny frog skeleton (Crypt:3)
  3 swamp drakes (Lair:6)
  A lindwurm zombie (Crypt:1)
  8 ice beasts
  2 sky beasts
  An eye of draining (D:11)
  A faun skeleton (Crypt:1)
  A black bear (shapeshifter) (Depths:2)
  3 black bears
  3 necrophages
  3 wolves (Lair:2)
  An ogre (shapeshifter) (Depths:2)
  16 boggarts
  10 centaurs
  A wolf (shapeshifter) (Depths:3)
  29 ogres
  16 crocodiles
  7 big kobolds
  Blork the orc (D:4)
  A big kobold (shapeshifter) (Vaults:1)
  24 bullfrogs
  A salamander zombie (Crypt:2)
  11 earth elementals
  2 gnoll sergeants
  A yaktaur skeleton (Crypt:1)
  A queen bee zombie (Crypt:2)
  6 scorpions
  2 wyvern skeletons
  A human simulacrum (Vaults:2)
  15 killer bees
  11 wights
  4 howler monkeys
  3 electric eels (Spider:4)
  A quasit (Abyss:2)
  20 crimson imps
  2 bullfrog zombies
  4 jellies
  5 centaur skeletons
  8 hounds
  38 orc priests
  3 bullfrog skeletons (D:11)
  An iron imp (Abyss:2)
  25 orc wizards
  12 iguanas
  29 worker ants
  A killer bee zombie (D:8)
  A sky beast zombie (Crypt:1)
  A hound skeleton (D:5)
  2 worker ant zombies
  19 gnolls
  21 adders
  A howler monkey skeleton (D:8)
  5 shadow imps
  An ooze (D:2)
  An adder skeleton (D:10)
  A worm (shapeshifter) (Vaults:2)
  2 worms
  A ball lightning (Depths:2)
  3 dart slugs
  6 leopard geckos
  125 orcs
  7 giant cockroaches
  3 hobgoblins
  17 jackals
  2 quokkas
  A ball python (D:3)
  8 bats
  7 frilled lizards
  6 goblins
  30 kobolds
  A leopard gecko skeleton (D:5)
  6 rats
  5 fungi
  20 plants
  A starspawn tentacle (Abyss:2)
1960 creatures vanquished.

Vanquished Creatures (collateral kills)
  An entropy weaver (Spider:4)
  A soldier ant (Spider:4)
2 creatures vanquished.

Vanquished Creatures (others)
  A tengu reaver (Vaults:2)
  A merfolk javelineer (Shoals:4)
  A dancing weapon (Depths:2)
  A merfolk aquamancer (Shoals:2)
  A vampire mage (Depths:1)
  A yaktaur (Depths:3)
  A gargoyle (Depths:2)
  A tengu simulacrum (Vaults:2)
  A wind drake (Depths:2)
  A redback (Spider:1)
  A bullfrog zombie (D:11)
  8 ball lightnings (Depths:2)
  10 fungi
  A lurking horror (Abyss:2)
  16 plants
  A starspawn tentacle (Abyss:2)
47 creatures vanquished.

Grand Total: 2009 creatures vanquished

Notes
Turn   | Place    | Note
-------+----------+-------------------------------------------
     0 | D:1      | rjrrt the Deep Dwarf Berserker began the quest for the Orb.
     0 | D:1      | Reached XP level 1. HP: 20/20 MP: 1/1
    64 | D:1      | Reached XP level 2. HP: 17/27 MP: 2/2
  1015 | D:2      | Reached ** piety under Trog
  1043 | D:2      | Found a sparkling altar of Nemelex Xobeh.
  1052 | D:2      | Reached XP level 3. HP: 31/33 MP: 3/3
  1088 | D:2      | Reached skill level 5 in Axes
  1192 | D:2      | Reached XP level 4. HP: 26/40 MP: 4/4
  1627 | D:3      | Reached XP level 5. HP: 46/46 MP: 5/5
  1865 | D:3      | Found an ornate altar of the Wu Jian Council.
  2046 | D:3      | Reached XP level 6. HP: 55/55 MP: 6/6
  2983 | D:4      | Reached XP level 7. HP: 52/61 MP: 7/7
  3193 | D:4      | Noticed Blork the orc
  3204 | D:4      | Killed Blork the orc
  3358 | D:4      | Reached skill level 10 in Axes
  3454 | D:5      | Entered Level 5 of the Dungeon
  3632 | D:5      | Reached *** piety under Trog
  3716 | D:5      | HP: 3/61 [gnoll/halberd (5)]
  3751 | D:5      | Reached XP level 8. HP: 35/68 MP: 8/8
  4187 | D:6      | Noticed Eustachio
  4237 | D:5      | Killed Eustachio
  4480 | D:6      | Noticed Grinder
  4519 | D:6      | Killed Grinder
  4519 | D:6      | Gained mutation: You passively map the area around you. [Deep Dwarf growth]
  4519 | D:6      | Reached XP level 9. HP: 74/74 MP: 9/9
  4700 | D:6      | Found Hyell's General Store.
  5065 | D:7      | Received a gift from Trog
  5284 | D:7      | Found Vodokh's Distillery.
  5292 | D:7      | Bought a potion of heal wounds for 65 gold pieces
  5292 | D:7      | Bought a potion of resistance for 130 gold pieces
  5333 | D:7      | Found a staircase to the Ecumenical Temple.
  5844 | D:8      | Found a sacrificial altar of Ru.
  5851 | D:8      | Noticed Psyche
  5863 | D:8      | Killed Psyche
  5863 | D:8      | Reached skill level 15 in Axes
  5863 | D:8      | Reached XP level 10. HP: 65/84 MP: 10/10
  5884 | D:8      | Noticed a two-headed ogre
  5890 | D:8      | Killed a two-headed ogre
  5890 | D:8      | Reached skill level 3 in Armour
  5956 | D:8      | Noticed a two-headed ogre
  5967 | D:8      | Killed a two-headed ogre
  5997 | D:8      | Found a burning altar of Makhleb.
  6093 | D:8      | Reached skill level 4 in Armour
  6419 | D:9      | Reached skill level 5 in Fighting
  6479 | D:9      | Reached **** piety under Trog
  6768 | D:9      | Noticed a two-headed ogre
  6788 | D:9      | Killed a two-headed ogre
  6837 | D:9      | Found a staircase to the Orcish Mines.
  6913 | D:9      | Reached skill level 5 in Armour
  6913 | D:9      | Reached skill level 5 in Dodging
  6932 | D:9      | Reached XP level 11. HP: 61/97 MP: 10/10
  6964 | D:9      | Noticed a two-headed ogre
  6991 | D:9      | Killed a two-headed ogre
  7197 | D:10     | Entered Level 10 of the Dungeon
  7206 | D:10     | Found an iron altar of Okawaru.
  7230 | D:10     | Noticed a two-headed ogre
  7241 | D:10     | Killed a two-headed ogre
  7772 | D:10     | Noticed a two-headed ogre
  7786 | D:10     | Killed a two-headed ogre
  7786 | D:10     | Reached skill level 6 in Armour
  7896 | D:10     | Found a staircase to the Lair.
  7896 | D:10     | Noticed Joseph
  7905 | D:10     | Killed Joseph
  8455 | Lair:1   | Entered Level 1 of the Lair of Beasts
  9420 | Lair:2   | Reached skill level 7 in Armour
  9501 | Lair:2   | Reached XP level 12. HP: 88/112 MP: 11/11
  9544 | Lair:2   | Found a staircase to the Shoals.
 10290 | Lair:2   | Received a gift from Trog
 10765 | Lair:3   | Found a hole to the Spider Nest.
 10813 | Lair:3   | Noticed an eight-headed hydra
 10844 | Lair:3   | Killed an eight-headed hydra
 10876 | Lair:3   | Noticed a five-headed hydra
 10889 | Lair:3   | Killed a five-headed hydra
 10889 | Lair:3   | Reached skill level 8 in Armour
 11437 | Lair:4   | Found a dark tunnel.
 11446 | Volcano  | Entered a volcano
 11507 | Volcano  | Noticed a stone giant
 11526 | Volcano  | Killed a stone giant
 11615 | Volcano  | Got a dazzling chain mail
 12138 | Lair:4   | Identified the +14 chain mail "Luzaff" {*Corrode +Fly Regen+ Int+8} (You found it in a volcano)
 12498 | Lair:5   | Noticed a death yak
 12509 | Lair:5   | Killed a death yak
 12645 | Lair:5   | Reached XP level 13. HP: 69/121 MP: 12/12
 12760 | Lair:5   | Reached skill level 9 in Armour
 12888 | Lair:5   | Found a viscous altar of Jiyva.
 12889 | Lair:5   | Found a staircase to the Slime Pits.
 13338 | Lair:6   | Entered Level 6 of the Lair of Beasts
 13719 | Lair:6   | Reached skill level 10 in Fighting
 13977 | Orc:1    | Entered Level 1 of the Orcish Mines
 14392 | Orc:1    | Noticed isock's ghost (journeyman GnWn)
 14451 | Orc:1    | Killed isock's ghost
 14690 | Orc:2    | Entered Level 2 of the Orcish Mines
 14771 | Orc:2    | Reached skill level 10 in Armour
 14893 | Orc:2    | Reached skill level 10 in Dodging
 14911 | Orc:2    | Reached ***** piety under Trog
 15076 | Orc:2    | Found a staircase to the Elven Halls.
 15630 | Orc:2    | Received a gift from Trog
 15905 | Orc:2    | Found Elesy's Armour Emporium.
 15905 | Orc:2    | Found Bomoc's Book Shop.
 15977 | Orc:2    | Bought the +1 pair of boots "Hero's Friend" {rElec rPois rN+} for 478 gold pieces
 16029 | Orc:2    | Found a roughly hewn altar of Beogh.
 16120 | Orc:2    | Found Wiqeusom's Food Emporium.
 16120 | Orc:2    | Found Tamaso's General Store.
 16130 | Orc:2    | Gained mutation: You resist negative energy. (rN+) [Deep Dwarf growth]
 16130 | Orc:2    | Reached XP level 14. HP: 108/133 MP: 12/12
 16164 | Orc:2    | Bought a scroll of enchant armour for 120 gold pieces
 16926 | D:11     | Found a runed door.
 16927 | D:11     | Found a runed door.
 17846 | D:12     | Reached skill level 11 in Armour
 18759 | D:13     | Found Soomur's Magic Scroll Boutique.
 18775 | D:13     | Bought a scroll of summoning for 161 gold pieces
 18790 | D:13     | Found Setz's General Store.
 18802 | D:13     | Bought a potion of degeneration for 15 gold pieces
 18802 | D:13     | Bought a scroll of blinking for 112 gold pieces
 18909 | D:13     | Found Izatumo's General Store.
 18936 | D:13     | Bought a scroll of identify for 34 gold pieces
 18937 | D:13     | Reached XP level 15. HP: 75/142 MP: 13/13
 18938 | D:13     | Reached XP level 16. HP: 79/151 MP: 14/14
 18941 | D:13     | Bought a scroll of identify for 34 gold pieces
 19090 | D:13     | Found Veheotuf's Magic Scroll Shoppe.
 19253 | D:13     | Reached skill level 1 in Evocations
 19294 | D:13     | Found a gate to the Vaults.
 19345 | D:13     | Bought a scroll of identify for 28 gold pieces
 19345 | D:13     | Identified a scroll of acquirement
 19609 | D:13     | Found Veocosil's Distillery.
 19619 | D:13     | Bought a potion of ambrosia for 96 gold pieces
 19619 | D:13     | Bought a potion of ambrosia for 96 gold pieces
 19619 | D:13     | Bought a potion of heal wounds for 60 gold pieces
 19619 | D:13     | Bought a potion of heal wounds for 60 gold pieces
 19842 | D:14     | Found Izocoxz Ughe's Food Boutique.
 20070 | D:14     | Received a gift from Trog
 20577 | D:14     | Reached skill level 12 in Armour
 20842 | D:15     | Entered Level 15 of the Dungeon
 21657 | Lair:6   | Reached XP level 17. HP: 104/159 MP: 18/18
 22007 | Lair:6   | Reached skill level 5 in Evocations
 22643 | Spider:1 | Entered Level 1 of the Spider Nest
 22698 | Spider:1 | Received a gift from Trog
 23584 | Spider:2 | Reached skill level 13 in Armour
 23764 | Spider:2 | HP: 4/162 [disintegration (26)]
 24065 | Spider:2 | Received a gift from Trog
 25468 | Spider:4 | Entered Level 4 of the Spider Nest
 25555 | Spider:4 | Noticed Louise
 25569 | Spider:4 | Killed Louise
 25629 | Spider:4 | Noticed Arachne
 25649 | Spider:4 | Killed Arachne
 26360 | Spider:4 | Reached skill level 14 in Armour
 26389 | Spider:4 | Received a gift from Trog
 26701 | Spider:4 | Gained mutation: You passively map a large area around you. [Deep Dwarf growth]
 26701 | Spider:4 | Reached XP level 18. HP: 107/171 MP: 0/21
 27072 | Spider:4 | Got a gossamer rune of Zot
 27556 | Vaults:1 | Entered Level 1 of the Vaults
 28291 | Vaults:1 | Reached skill level 15 in Armour
 28628 | Vaults:1 | Found a radiant altar of Vehumet.
 28628 | Vaults:1 | Noticed a lich
 28629 | Vaults:1 | Found the +3 hat of Pondering {ponderous, MR+ MP+10 Int+5}
 28635 | Vaults:1 | Killed a lich
 29138 | Vaults:2 | Noticed Mennas
 29212 | Vaults:2 | Killed Mennas
 29430 | Vaults:2 | Found Avamoq's Antique Armour Emporium.
 29430 | Vaults:2 | Noticed Donald
 29437 | Vaults:2 | Killed Donald
 29577 | Vaults:2 | Noticed Sojobo
 29613 | Vaults:2 | Killed Sojobo
 29613 | Vaults:2 | Reached skill level 15 in Dodging
 29822 | Vaults:2 | Reached skill level 16 in Armour
 29946 | Vaults:2 | Reached XP level 19. HP: 123/183 MP: 24/24
 30048 | Vaults:2 | Reached skill level 10 in Evocations
 30079 | Vaults:2 | Reached skill level 15 in Fighting
 31689 | Vaults:3 | Found a staircase to the Crypt.
 31725 | Vaults:3 | Reached skill level 17 in Armour
 31748 | Vaults:3 | Got a bloodstained battleaxe
 31751 | Vaults:3 | Identified the +5 battleaxe of Vusao {freeze, rF- Str+4 Int+4} (You found it on level 3 of the Vaults)
 32191 | Vaults:4 | Received a gift from Trog
 32531 | Vaults:4 | Noticed Bai Suzhen
 32649 | Vaults:4 | Received a gift from Trog
 32649 | Vaults:4 | Reached XP level 20. HP: 128/196 MP: 25/25
 32676 | Vaults:4 | Killed Bai Suzhen
 32992 | Vaults:4 | Reached skill level 18 in Armour
 33832 | D:15     | Noticed Agnes
 33849 | D:15     | Killed Agnes
 33898 | D:15     | Found a staircase to the Depths.
 33931 | Depths:1 | Entered Level 1 of the Depths
 34474 | Depths:1 | Found Ezopsuikh's Gadget Boutique.
 34474 | Depths:1 | Found Uprig's Jewellery Shoppe.
 34475 | Depths:1 | Found Sew Osk's Jewellery Shoppe.
 34779 | Depths:1 | Bought the ring of Suicidal Tendencies {SInv Stlth+} for 372 gold pieces
 34811 | Depths:1 | Reached skill level 19 in Armour
 35179 | Depths:1 | Received a gift from Trog
 35247 | Depths:1 | Found a gateway to Hell.
 35451 | Depths:1 | Noticed the Enchantress
 35483 | Depths:1 | Killed the Enchantress
 35487 | Depths:1 | Got faerie dragon scales
 35517 | Depths:1 | Identified the +1 faerie dragon scales {rCorr Dex+2} (You took it off the Enchantress on level 1 of the Depths)
 35792 | Depths:2 | Reached XP level 21. HP: 84/210 MP: 23/23
 35975 | Depths:2 | Noticed Nikola
 35990 | Depths:2 | Killed Nikola
 36568 | Depths:2 | Got a fine wooden ring
 36571 | Depths:2 | Identified the ring of Vytig {rC- rN++ Str+4 Int+5} (You found it on level 2 of the Depths)
 36851 | Depths:2 | Identified the Collected Works on Poisoning and Aid
 37395 | Depths:2 | Reached skill level 20 in Armour
 37568 | Depths:3 | Found a one-way gate leading to the halls of Pandemonium.
 38025 | Depths:3 | Gained mutation: You have supernaturally acute eyesight. (SInv) [mutagenic meat]
 38108 | Depths:3 | Noticed a caustic shrike
 38122 | Depths:3 | HP: 11/318 [acid (7)]
 38130 | Depths:3 | Killed a caustic shrike
 38671 | Depths:3 | Gained mutation: Your magical capacity is low. (-10% MP) [mutagenic meat]
 38772 | Depths:3 | Found a gateway to a ziggurat.
 38999 | Depths:3 | Reached XP level 22. HP: 107/223 MP: 17/17
 39408 | Depths:4 | Found a one-way gate to the infinite horrors of the Abyss.
 39562 | Depths:4 | Found Ocaakes's Assorted Antiques.
 39664 | Depths:4 | Reached skill level 21 in Armour
 39668 | Depths:4 | Gained mutation: You are resistant to electric shocks. (rElec) [mutagenic meat]
 39669 | Depths:4 | Gained mutation: You have a pair of small horns on your head. [mutagenic meat]
 39670 | Depths:4 | Gained mutation: You are partially covered in thin metallic scales. (AC +2) [mutagenic meat]
 39671 | Depths:4 | Gained mutation: You are mostly covered in thin metallic scales. (AC +3) [mutagenic meat]
 39672 | Depths:4 | Lost mutation: You are resistant to electric shocks. (rElec) [mutagenic meat]
 39963 | Depths:4 | Noticed a golden dragon
 39972 | Depths:4 | Killed a golden dragon
 40024 | Depths:4 | Noticed a juggernaut
 40503 | Shoals:1 | Entered Level 1 of the Shoals
 40978 | Shoals:1 | Found Optoum's Assorted Antiques.
 40991 | Shoals:1 | Bought a triangular brass amulet for 190 gold pieces
 40991 | Shoals:1 | Bought a bone ring for 190 gold pieces
 41181 | Shoals:1 | Got a sapphire war axe
 41187 | Shoals:1 | Identified the cursed +1 war axe "Bas Gups" {antimagic, Dex+3} (You found it on level 1 of the Shoals)
 41195 | Shoals:1 | Noticed nomadicburrito's ghost (journeyman GrEE)
 41217 | Shoals:1 | Killed nomadicburrito's ghost
 41849 | Shoals:2 | Found Wioblik's Jewellery Shoppe.
 42976 | Shoals:4 | Entered Level 4 of the Shoals
 43382 | Shoals:4 | Cast into level 2 of the Abyss (merfolk impaler)
 43413 | Abyss:2  | Got a slimy chain mail
 43414 | Abyss:2  | Identified the +9 chain mail of the Slug {Int-4 Dex+5} (You found it on level 2 of the Abyss)
 43575 | Abyss:2  | Reached skill level 22 in Armour
 43648 | Abyss:2  | Paralysed by accursed screaming for 1 turns
 43711 | Shoals:4 | Escaped the Abyss
 43871 | Shoals:4 | Upgraded the game from 0.21-a0-531-gacddea6 to 0.21-a0-536-gdbbf329
 43968 | Shoals:4 | Reached XP level 23. HP: 178/235 MP: 18/18
 44600 | Shoals:4 | Found the amulet of the Air {Inacc +Fly rElec EV+5 RMsl}
 44652 | Shoals:4 | Got a barnacled rune of Zot
 44675 | Shoals:4 | Noticed Ilsuiw
 45075 | Crypt:1  | Entered Level 1 of the Crypt
 45455 | Crypt:1  | Found an ancient bone altar of Kikubaaqudgha.
 46063 | Crypt:2  | Received a gift from Trog
 46234 | Crypt:2  | Noticed Jorgrun
 46245 | Crypt:2  | Killed Jorgrun
 46525 | Crypt:3  | Entered Level 3 of the Crypt
 46926 | Crypt:3  | Reached skill level 23 in Armour
 47065 | Crypt:3  | Noticed Xtahua
 47073 | Crypt:3  | Killed Xtahua
 47368 | Crypt:3  | Noticed Boris
 47385 | Crypt:3  | Killed from afar by Boris

Vault maps used:
D:1:      roderic_crossed_star
D:2:      first_bread, nemelex_dance_club_becter
D:3:      lemuel_doored_altar, minmay_checkerbox
D:4:      uniq_blork_the_orc
D:6:      serial_shops, shop, uniq_grinder, uniq_eustachio
D:7:      minmay_temple_entry_statues_fountains, serial_shops,
          nicolae_shop_crystal, kennysheep_minor_cross, the_bakery
D:8:      basic_altar, nicolae_ru_sacrificial_ziggurat, uniq_psyche
D:9:      orc_0_dummy
D:10:     grunt_lair_entry_orc_guard_hut, okawaru_humans, uniq_joseph
D:11:     minmay_the_grid_triangle_9x9_rhombus_full
D:12:     minmay_ice_pillars
D:13:     david_vaults_5, serial_shops, shop, nicolae_shop_statue_plus, shop,
          shop, nicolae_shop_waterfront
D:14:     minmay_box_of_statues, fountainhead, serial_shops,
          nicolae_shop_behind_doors
D:15:     grunt_enter_depths_snipers, nicolae_two_hexagons, uniq_agnes
Lair:1:   beast_lair_carwin_2
Lair:2:   elwin_shoals_entry_rocks, forest_entry_grove, serial_bayou_shore_a,
          lemuel_fruit_tree
Lair:3:   spider_nest_entry_a
Lair:4:   nicolae_volcano_entry_hallway, minivault_24
Lair:5:   slime_altar_1
Lair:6:   guppyfry_lair_end_dragon, hangedman_lair_tendril_chambers
Shoals:1: serial_shops, nicolae_shop_overgrown_old_shop
Shoals:2: serial_shops, shop_statue
Shoals:4: shoals_end_simple, shoal_ilsuiw, nicolae_shoals_circle_sea_wall
Spider:1: nicolae_looking_at_the_future
Spider:2: hangedman_spider_trapstep
Spider:4: spider_rune_water, minmay_another_anthill, uniq_louise, uniq_arachne
Orc:2:    st_orc_town
Vaults:1: nicolae_vaults_mini_display_case, ontoclasm_vaults_ligature,
          grunt_tower_of_power, hangedman_vaults_pinch,
          nicolae_vaults_little_squares_2, nicolae_vaults_angled_halls,
          nicolae_vaults_little_squares_5, v_misc_32, vaults_dpeg_cross,
          v_misc_13, vaults_room_grid, ontoclasm_vaults_shuriken,
          vaults_dpeg_hooks, vaults_mumra_chevron_long,
          nicolae_vaults_windows_and_doors_thing, nicolae_vaults_sealed_display
Vaults:2: nicolae_vaults_little_squares_3, v_pattern_2,
          ontoclasm_vaults_decontamination, vaults_mumra_bighexcomb,
          nicolae_vaults_circle_grid_a, nicolae_vaults_network_star,
          nicolae_vaults_puzzle_piece, v_alt_pattern_2,
          ontoclasm_vaults_ring_square, v_misc_23, hangedman_vaults_slice,
          vaults_mumra_hexcomb, nicolae_vaults_little_squares_4,
          nicolae_vaults_little_squares_4, serial_shops, shop, uniq_donald,
          uniq_sojobo, uniq_mennas
Vaults:3: minmay_crypt_entry_simple_round, v_rooms_4,
          nicolae_vaults_network_quinsquares, v_misc_5,
          nicolae_vaults_little_squares_3, vaults_room_fours,
          nicolae_vaults_diagonal_hallway_8, nicolae_vaults_little_squares_6
Vaults:4: st_quartered_hall, grunt_vaults_hallway_short, vaults_room_hallway,
          nicolae_vaults_little_squares_6, nicolae_vaults_diagonal_hallway_8,
          v_misc_30, nicolae_vaults_network_barrier, nicolae_vaults_theta,
          hangedman_vaults_river_flow, grunt_vaults_funnel,
          dpeg_vaults_monster_box, v_misc_8, uniq_bai_suzhen
Crypt:1:  cheibrodos_crypt_eye_of_stone, st_stairs_7
Crypt:2:  uniq_jorgrun
Crypt:3:  quadcrypt_mu, uniq_xtahua, uniq_jory, uniq_boris
Depths:1: moated_statue, hellmouth_3, kennysheep_generic_room_11,
          minmay_shop_grove, uniq_enchantress
Depths:2: radiant_caverns_a_rkd, hell_entry, serial_shops, uniq_nikola
Depths:3: minmay_tri_box, enter_ziggurat_f, kennysheep_big_empty_room,
          pan_entry, grunt_hell_horde, grunt_decor_clamped
Depths:4: four-leaf_vault, abyss_entry, pf_coc_iceberg, serial_shops,
          nicolae_shop_behind_doors, kennysheep_small_spiral, stair_cage_cross,
          kennysheep_generic_room_14
Volcano:  volcano_pools

Skill      XL: |  1  2  3  4  5  6  7  8  9 10 11 12 13 14 15 16 17 18 19 20 21 22 23 |
---------------+----------------------------------------------------------------------+-----
Axes           | 4 5 6 7 8 10 13 15 16 17 18 19 20 | 20.5
Fighting       | 3 6 8 9 10 11 13 14 16 17 18 19 20 | 20.6
Armour         | 5 7 8 10 11 12 14 16 17 19 20 22 23 | 23.1
Dodging        | 5 7 8 10 11 12 14 15 16 17 18 19 | 19.4
Evocations     | 4 6 9 10 | 10.0

Action                   |  1- 3 |  4- 6 |  7- 9 | 10-12 | 13-15 | 16-18 | 19-21 | 22-24 || total
-------------------------+-------+-------+-------+-------+-------+-------+-------+-------++-------
Melee: Hand axe          |   118 |   148 |       |       |       |       |       |       ||   266
       War axe           |       |    30 |   384 |   187 |       |       |       |       ||   601
       Battleaxe         |       |       |       |   447 |   871 |  1543 |  1506 |  1227 ||  5594
       Whip              |       |       |       |    35 |       |       |       |       ||    35
       Great mace        |       |       |       |       |    14 |     8 |     6 |       ||    28
       Headbutt          |       |       |       |       |       |       |       |   382 ||   382
 Fire: Hunting sling     |       |       |       |     2 |       |       |       |       ||     2
Throw: Tomahawk          |       |    11 |     4 |       |       |       |       |       ||    15
       Javelin           |       |       |     6 |     8 |     1 |       |     1 |       ||    16
       Stone             |       |       |     2 |       |       |       |       |       ||     2
Invok: Trog's Hand       |       |     5 |    12 |    29 |    15 |    50 |    85 |    67 ||   263
       Berserk           |       |     5 |     8 |    13 |     9 |    12 |    10 |     3 ||    60
       Burn Spellbooks   |       |       |       |     2 |     5 |     4 |     4 |     7 ||    22
       Brothers in Arms  |       |       |       |       |       |     2 |     2 |       ||     4
 Abil: Heal Wounds       |     1 |       |     1 |     1 |     4 |     7 |    14 |     1 ||    29
Evoke: Wand              |       |       |       |     4 |       |    27 |       |     2 ||    33
  Use: Scroll            |       |     3 |    12 |    12 |     3 |    11 |     9 |    10 ||    60
       Potion            |       |       |       |       |     5 |    17 |     2 |     3 ||    27
 Stab: Held in net/web   |       |       |       |       |       |     1 |       |       ||     1
       Distracted        |       |       |       |       |       |     1 |     1 |       ||     2
       Petrified         |       |       |       |       |       |       |       |     4 ||     4
  Eat: Chunk             |     1 |    13 |    16 |    28 |    26 |    33 |    44 |    27 ||   188
       Fruit             |       |       |     6 |    13 |     4 |     3 |     6 |     1 ||    33
       Royal jelly       |       |       |       |     3 |     3 |     1 |     1 |     1 ||     9
       Meat ration       |       |       |       |       |       |     6 |     5 |     5 ||    16
       Bread ration      |       |       |       |       |       |       |       |     2 ||     2
Armor: Animal skin       |    24 |     6 |       |       |       |       |       |       ||    30
       Plate armour      |       |    60 |   229 |   248 |       |       |       |       ||   537
       Leather armour    |       |     6 |       |       |       |       |       |       ||     6
       Chain mail        |       |       |       |    17 |   384 |   937 |   666 |   112 ||  2116
       Gold dragon scale |       |       |       |       |       |       |       |   521 ||   521
Dodge: Dodged            |    86 |   105 |   141 |   267 |   453 |  1211 |  1138 |  1158 ||  4559
Block: Other             |       |       |       |    64 |   117 |   238 |   209 |   169 ||   797
       Reflection        |       |       |       |       |     2 |     4 |    18 |    19 ||    43

Table legend:
 A = Spawn XP
 B = Non-spawn XP
 C = Spawn XP percentage of total XP
 D = Spawn monster count
 E = Non-spawn monster count
 F = Spawn count percentage of total count
 G = Total turns spent on level
                    A         B        C        D         E        F      G
               +---------+---------+-------+---------+---------+-------+---------
         Total |    3595 |  861227 |   0.4 |       9 |    1935 |   0.5 | 47385
               +---------+---------+-------+---------+---------+-------+---------
           D:1 |       0 |      33 |   0.0 |       0 |      23 |   0.0 |   939
           D:2 |       0 |     119 |   0.0 |       0 |      21 |   0.0 |   590
           D:3 |       0 |     268 |   0.0 |       0 |      32 |   0.0 |  1228
           D:4 |       0 |     766 |   0.0 |       0 |      32 |   0.0 |   697
           D:5 |       0 |     934 |   0.0 |       0 |      23 |   0.0 |   838
           D:6 |       0 |    1825 |   0.0 |       0 |      39 |   0.0 |   702
           D:7 |       0 |    1412 |   0.0 |       0 |      33 |   0.0 |   718
           D:8 |       0 |    2875 |   0.0 |       0 |      23 |   0.0 |   695
           D:9 |       0 |    4317 |   0.0 |       0 |      36 |   0.0 |   905
          D:10 |       0 |    4387 |   0.0 |       0 |      38 |   0.0 |  1529
          D:11 |       0 |   13786 |   0.0 |       0 |      58 |   0.0 |  1266
          D:12 |       0 |    3515 |   0.0 |       0 |      22 |   0.0 |  1288
          D:13 |       0 |    5940 |   0.0 |       0 |      20 |   0.0 |  1101
          D:14 |       0 |   14682 |   0.0 |       0 |      55 |   0.0 |  1223
          D:15 |       0 |   14317 |   0.0 |       0 |      26 |   0.0 |  1046
        Lair:1 |       0 |    2913 |   0.0 |       0 |      17 |   0.0 |  1131
        Lair:2 |       0 |    5733 |   0.0 |       0 |      28 |   0.0 |  1482
        Lair:3 |       0 |    4557 |   0.0 |       0 |      14 |   0.0 |   906
        Lair:4 |       0 |    3278 |   0.0 |       0 |      11 |   0.0 |  1046
        Lair:5 |       0 |    8106 |   0.0 |       0 |      30 |   0.0 |   963
        Lair:6 |       0 |   26753 |   0.0 |       0 |      96 |   0.0 |  1790
      Shoals:1 |       0 |   14697 |   0.0 |       0 |      30 |   0.0 |   906
      Shoals:2 |       0 |   19501 |   0.0 |       0 |      37 |   0.0 |   917
      Shoals:3 |       0 |   23437 |   0.0 |       0 |      48 |   0.0 |  1102
      Shoals:4 |       0 |   41936 |   0.0 |       0 |      62 |   0.0 |   895
      Spider:1 |       0 |   14162 |   0.0 |       0 |      52 |   0.0 |   833
      Spider:2 |       0 |   13998 |   0.0 |       0 |      41 |   0.0 |   893
      Spider:3 |       0 |    6237 |   0.0 |       0 |      16 |   0.0 |  1176
      Spider:4 |       0 |   45048 |   0.0 |       0 |     103 |   0.0 |  1647
         Orc:1 |       0 |    3504 |   0.0 |       0 |      47 |   0.0 |   762
         Orc:2 |       0 |   10758 |   0.0 |       0 |      96 |   0.0 |  1572
      Vaults:1 |       0 |   36920 |   0.0 |       0 |      63 |   0.0 |  1571
      Vaults:2 |       0 |   64117 |   0.0 |       0 |      73 |   0.0 |  1493
      Vaults:3 |       0 |   21848 |   0.0 |       0 |      36 |   0.0 |  1364
      Vaults:4 |       0 |   61497 |   0.0 |       0 |      92 |   0.0 |  1337
       Crypt:1 |       0 |   40801 |   0.0 |       0 |      61 |   0.0 |   847
       Crypt:2 |       0 |   26781 |   0.0 |       0 |      30 |   0.0 |   603
       Crypt:3 |       0 |   26818 |   0.0 |       0 |      29 |   0.0 |   860
      Depths:1 |       0 |   74809 |   0.0 |       0 |      94 |   0.0 |  1452
      Depths:2 |       0 |   59621 |   0.0 |       0 |      94 |   0.0 |  1914
      Depths:3 |       0 |   71539 |   0.0 |       0 |      78 |   0.0 |  1866
      Depths:4 |       0 |   51794 |   0.0 |       0 |      49 |   0.0 |   754
       Abyss:2 |    3595 |    7994 |  31.0 |       9 |      20 |  31.0 |   329
       Volcano |       0 |    2894 |   0.0 |       0 |       7 |   0.0 |   209
               +---------+---------+-------+---------+---------+-------+---------
